 Dungeon Crawl Stone Soup version 0.29.0-15-g675c0067aa (webtiles) character file.

Game seed: 11744154541746248437

436 qw the Chopper (level 7, 0/43 HPs)
             Began as a Gargoyle Fighter on Sept 11, 2022.
             Slain by a wight
             ... wielding a +5 battleaxe
              (10 damage)
             ... on level 4 of the Dungeon.
             The game lasted 00:01:27 (3508 turns).

qw the Chopper (Gargoyle Fighter)                   Turns: 3508, Time: 00:01:28

Health: 0/43       AC: 20    Str: 22    XL:     7   Next: 1%
Magic:  7/7        EV:  6    Int:  8    God:
Gold:   169        SH:  4    Dex:  9    Spells: 6/6 levels left

rFire   . . .      SeeInvis +   Y - +1 war axe
rCold   . . .      Faith    .   c - +0 buckler
rNeg    + . .      Spirit   .   e - +2 plate armour
rPois   inf        Reflect  .   i - +1 helmet
rElec   +          Harm     .   (no cloak)
rCorr   .          Rampage  .   (no gloves)
Will    +....                   (no boots)
Stlth   ..........              (no amulet)
HPRegen 0.14/turn               b - ring of see invisible
MPRegen 0.10/turn               l - ring of willpower

@: no status effects
A: sickness immunity, AC +4, negative energy resistance 1, electricity
resistance, torment resistance 1, petrification resistance
a: no special abilities


You were on level 4 of the Dungeon.
You visited 1 branch of the dungeon, and saw 4 of its levels.

You collected 169 gold pieces.


Innate Abilities, Weirdness & Mutations

You are immune to sickness and miasma.
Your stone body is resilient. (AC +4)
You are immune to poison.
You resist negative energy. (rN+)
You are resistant to electric shocks. (rElec)
You are resistant to unholy torment.
You are immune to petrification.


   Skills:
 - Level 4.0 Fighting
 - Level 6.1 Axes
 + Level 3.8 Armour
 - Level 3.2 Shields


You had 6 spell levels left.
You didn't know any spells.
Your spell library was empty.

Inventory:

Hand Weapons
 j - the +5 flail of Weak Resourcefulness {vorpal, Str+8}
   (You found it on level 2 of the Dungeon)

   It inflicts extra damage upon your enemies.
   Str:       It affects your strength (+8).
 Y - a +1 war axe (weapon)
Armour
 c - a +0 buckler (worn)
 e - a +2 plate armour (worn)
 i - a +1 helmet (worn)
Jewellery
 b - a ring of see invisible (left hand)
 l - a ring of willpower (right hand)
Scrolls
 a - 4 scrolls of identify
 m - 2 scrolls of teleportation {unknown}
Potions
 d - a potion of might
 f - 2 potions of magic {unknown}
 g - a potion of heal wounds {unknown}
 h - 2 potions of curing
 k - 3 potions of mutation {unknown}
 n - a potion of degeneration {unknown}

Dungeon Overview and Level Annotations

Branches:
Dungeon (4/15)
 Temple: D:4-7

Altars:
Vehumet


Message History

The giant cockroach bites you but does no damage.
You barely miss the giant cockroach.
The giant cockroach is moderately wounded.
The giant cockroach closely misses you.
The giant cockroach bites you but does no damage.
You hit the giant cockroach but do no damage.
The giant cockroach is moderately wounded.
The giant cockroach bites you but does no damage.
You slash the giant cockroach!
You kill the giant cockroach!
n - a fizzy red potion
Found a stone staircase leading down.
Found 4 stones.
Found 6 stones.
You see here 4 stones.
You open the door.
There is an open door here.
You open the door.
A wight comes into view. It is wielding a +5 battleaxe.
Enter note:
Enter note: You hit the wight.
The wight is moderately damaged.
The wight hits you with a +5 battleaxe! The wight hits you with a +5 battleaxe.
You closely miss the wight.
The wight is moderately damaged.
The wight hits you but does no damage.
You hit the wight but do no damage.
The wight is moderately damaged.
The wight barely misses you.
You slash the wight!
The wight is severely damaged.
The wight closely misses you.
You hit the wight.
The wight is almost destroyed.
The wight hits you with a +5 battleaxe! You block the wight's attack.
You hit the wight but do no damage.
The wight is almost destroyed.
The wight hits you with a +5 battleaxe!
You die...

### #.# #####z#+#+#+# ##
#..'.@.......
.###########.###+#+#+#+# ######
.............8# #.....
..#####...##### ###### ##.... ..#
#...# #....# #...<. ..# #...#
##.##.# #..... .## #...#
#...#.#####.....
.#################...#...........
##<....# #.......##########....


You could see a wight.

Vanquished Creatures
  A black bear (D:4)
  An ogre (D:3)
  An iguana (D:4)
  Terence (D:2)
  Natasha (twice) (D:2)
  Robin (D:2)
  A gnoll (D:1)
  4 adders
  3 worms
  2 dart slugs (D:1)
  3 orcs (D:3)
  4 endoplasms
  8 giant cockroaches
  16 goblins
  10 hobgoblins
  4 quokkas
  2 ball pythons
  8 bats
  3 frilled lizards (D:1)
  8 kobolds
  6 rats
89 creatures vanquished.

Notes
Turn   | Place    | Note
-------+----------+-------------------------------------------
     0 | D:1      | qw the Gargoyle Fighter began the quest for the Orb.
     0 | D:1      | Reached XP level 1. HP: 14/14 MP: 1/1
     0 | D:1      | 0 ||| qw: Version: 0.1-a-119-g272c26d
     0 | D:1      | 0 ||| qw: Game counter: 10656
     0 | D:1      | 0 ||| qw: Always use a shield: true
     0 | D:1      | 0 ||| qw: God list: Okawaru
     0 | D:1      | 0 ||| qw: Allow faded altars: false
     0 | D:1      | 0 ||| qw: Do Orc after D:15 true
     0 | D:1      | 0 ||| qw: Do second Lair branch before Depths: true
     0 | D:1      | 0 ||| qw: Lair rune preference: random
     0 | D:1      | 0 ||| qw: Plans: Normal, Zot, God:TSO, Crypt, Tomb, Pan,
                  | Slime, Hells, Zig, Abyss, Orb
     0 | D:1      | 0 ||| PLANNING D:1-11
    31 | D:1      | Reached skill level 2 in Axes
    96 | D:1      | You fall into a shaft and drop 1 floor!
   117 | D:2      | Reached XP level 2. HP: 19/19 MP: 2/2
   124 | D:2      | 124 ||| UPGRADING to +0 plate armour.
   134 | D:2      | 134 ||| DROPPING +0 scale mail.
   171 | D:1      | 171 ||| Stepping ~*~*~tactically~*~*~ (stealth).
   181 | D:1      | Reached skill level 3 in Axes
   296 | D:1      | Reached XP level 3. HP: 23/23 MP: 3/3
   357 | D:1      | 357 ||| Stepping ~*~*~tactically~*~*~ (stealth).
   359 | D:1      | 359 ||| Stepping ~*~*~tactically~*~*~ (stealth).
   685 | D:1      | Noticed a great orb of eyes
   687 | D:1      | Found a faded altar of an unknown god.
   690 | D:1      | Noticed a golden eye
   690 | D:1      | Noticed a shining eye
   690 | D:1      | Noticed a golden eye
   844 | D:1      | 844 ||| Stepping ~*~*~tactically~*~*~ (stealth).
   874 | D:1      | 874 ||| READING 3 scrolls labelled PIAN CIXZEGERU.
   875 | D:1      | 875 ||| READING 2 scrolls of enchant armour.
   875 | D:1      | 875 ||| ENCHANTING +0 plate armour.
   876 | D:1      | 876 ||| READING scroll of enchant armour.
   876 | D:1      | 876 ||| ENCHANTING +1 plate armour.
  1045 | D:2      | Noticed Terence
  1049 | D:2      | Killed Terence
  1050 | D:2      | Reached skill level 4 in Axes
  1050 | D:2      | Reached XP level 4. HP: 23/28 MP: 4/4
  1203 | D:2      | Found a radiant altar of Vehumet.
  1344 | D:2      | Noticed Natasha
  1345 | D:2      | 1345 ||| Stepping ~*~*~tactically~*~*~ (stealth).
  1347 | D:2      | 1347 ||| Stepping ~*~*~tactically~*~*~ (hiding).
  1354 | D:2      | Noticed Robin
  1361 | D:2      | Killed Natasha
  1362 | D:2      | Reached XP level 5. HP: 19/32 MP: 5/5
  1376 | D:2      | HP: 7/32 [Robin/+0 spear of flaming (3)]
  1381 | D:2      | HP: 5/32 [Robin/+0 spear of flaming (1)]
  1390 | D:2      | Killed Robin
  1549 | D:2      | Noticed Natasha
  1550 | D:2      | 1550 ||| FLEEEEING.
  1671 | D:2      | 1671 ||| Stepping ~*~*~tactically~*~*~ (hiding).
  1686 | D:2      | Killed Natasha
  1687 | D:2      | Reached skill level 5 in Axes
  1749 | D:2      | Identified the +5 flail of Weak Resourcefulness {vorpal,
                  | Str+8}
  1751 | D:2      | 1751 ||| DROPPING +0 club.
  1890 | D:2      | 1890 ||| UPGRADING to +0 helmet.
  1895 | D:2      | 1895 ||| UPGRADING to ring of see invisible.
  1896 | D:2      | 1896 ||| READING 2 scrolls labelled FAJA PUPROI.
  1897 | D:2      | 1897 ||| READING scroll labelled USOREO VUGYAN.
  1898 | D:2      | 1898 ||| DRINKING 2 fizzy inky potions.
  1899 | D:2      | 1899 ||| DRINKING 3 purple potions.
  1900 | D:2      | 1900 ||| DROPPING potion of brilliance.
  2024 | D:3      | 2024 ||| Stepping ~*~*~tactically~*~*~ (stealth).
  2025 | D:3      | 2025 ||| Stepping ~*~*~tactically~*~*~ (stealth).
  2026 | D:3      | 2026 ||| Stepping ~*~*~tactically~*~*~ (stealth).
  2065 | D:3      | 2065 ||| READING scroll of enchant armour.
  2065 | D:3      | 2065 ||| ENCHANTING +0 helmet.
  2287 | D:3      | 2287 ||| Stepping ~*~*~tactically~*~*~ (stealth).
  2288 | D:3      | 2288 ||| Stepping ~*~*~tactically~*~*~ (stealth).
  2290 | D:3      | 2290 ||| Stepping ~*~*~tactically~*~*~ (stealth).
  2291 | D:3      | 2291 ||| Stepping ~*~*~tactically~*~*~ (stealth).
  2518 | D:3      | Noticed an ogre
  2530 | D:3      | Killed an ogre
  2531 | D:3      | Reached XP level 6. HP: 13/38 MP: 6/6
  2816 | D:3      | 2816 ||| UPGRADING to ring of willpower.
  2817 | D:3      | 2817 ||| READING 2 scrolls of identify.
  2817 | D:3      | 2817 ||| IDENTIFYING brown potion
  2818 | D:3      | 2818 ||| DROPPING potion of invisibility.
  2847 | D:4      | 2847 ||| Stepping ~*~*~tactically~*~*~ (stealth).
  2871 | D:4      | Noticed a black bear
  2880 | D:4      | Killed a black bear
  2881 | D:4      | Reached skill level 6 in Axes
  3429 | D:4      | Reached XP level 7. HP: 43/43 MP: 7/7
  3507 | D:4      | HP: 10/43 [wight/+5 battleaxe (13)]
  3508 | D:4      | Slain by a wight

Levels and vault maps discovered:
D:1:      saegor_arrival_miasma, layout_loops_ring,
          hellmonk_ecumenical_altar_watching_god, minmay_misc_feat_x
D:2:      layout_loops_ring, basic_altar, uniq_terence, uniq_natasha, uniq_robin
D:3:      layout_loops_ring
D:4:      layout_basic, lemuel_mausoleum_altar_kikubaaqudgha

Skill      XL: |  1  2  3  4  5  6 |
---------------+-------------------+-----
Axes           | 2 3 4 5 6 |  6.1
Fighting       | 4 |  4.0
Armour         | |  3.8
Shields        | |  3.2

Action                   |  1- 3 |  4- 6 |  7- 9 || total
-------------------------+-------+-------+-------++-------
Melee: War axe           |    84 |   183 |    15 ||   282
  Use: Scroll            |     3 |     4 |       ||     7
       Potion            |       |     2 |       ||     2
Armor: Scale mail        |     8 |       |       ||     8
       Plate armour      |    47 |   146 |    10 ||   203
Dodge: Dodged            |    25 |    53 |     3 ||    81
Block: Buckler           |    10 |    40 |     3 ||    53

Table legend:
 A = Non-vault XP
 B = Vault XP
 C = Vault XP percentage of total XP
 D = Non-vault monster count
 E = Vault monster count
 F = Vault count percentage of total count
                 A         B        C        D         E       F
            +---------+---------+-------+---------+---------+-------
      Total |     515 |     108 |  17.3 |      75 |      14 |  15.7
            +---------+---------+-------+---------+---------+-------
        D:1 |      65 |       0 |   0.0 |      31 |       0 |   0.0
        D:2 |      70 |     108 |  60.7 |      14 |      14 |  50.0
        D:3 |     183 |       0 |   0.0 |      17 |       0 |   0.0
        D:4 |     197 |       0 |   0.0 |      13 |       0 |   0.0
            +---------+---------+-------+---------+---------+-------
